Map: Honorgrounds LE

Players

Sunshine - Winner!

  • Race: Terran Terran
  • League: Diamond
  • Spawn Location: 5:00

Musumeci

  • Race: Zerg Zerg
  • League: Diamond
  • Spawn Location: 7:00

VOD

Have the link to the VOD?

Description

Time

  • Played on: March 15, 2017, 4:51 a.m.
  • Length: 21:01
Show
View Real Time Build Order
Export as new Build Order

Sunshine Terran - Winner!

Build Orders: Hellion Opening, Reaper Expand, MMM Bio 

Get SALT Encoding   

  12  0:02  SCV  
  14  0:14  SCV  
  14  0:18  Supply Depot  
  14  0:26  SCV  
  15  0:30  Refinery  
  15  0:40  SCV  
  16  0:46  Barracks  
  16  0:52  SCV  
  17  1:04  SCV  
  18  1:16  SCV  
  19  1:33  Orbital Command, Reaper  
  20  1:49  Command Center  
  20  2:00  SCV  
  21  2:06  Factory  
  21  2:07  Barracks Reactor  
  21  2:12  SCV  
  22  2:17  Supply Depot  
  22  2:24  SCV  
  22  2:27  Refinery  
  23  2:43  SCV  
  23  2:56  SCV  
  23  2:57  Barracks Tech Lab  
  24  3:00  Hellion  
  24  3:01  Hellion  
  28  3:11  Orbital Command  
  28  3:14  SCV  
  28  3:16  Marine  
  29  3:26  SCV  
  30  3:31  Hellion x2  
  34  3:35  Starport  
  34  3:37  SCV  
  34  3:38  SCV  
  36  3:46  Stimpack  
  36  3:49  SCV  
  36  3:50  SCV  
  36  3:55  Hellion x2  
  42  3:57  Marine  
  42  4:02  SCV  
  44  4:03  SCV, Liberator  
  45  4:17  Supply Depot  
  42  4:44  Cyclone x2  
  42  4:45  Marauder  
  44  4:55  SCV  
  44  4:57  SCV  
  44  4:58  Refinery, Barracks  
  46  5:00  Barracks  
  46  5:01  Refinery  
  46  5:03  Engineering Bay x2  
  46  5:07  SCV  
  46  5:09  SCV  
  46  5:13  Marauder  
  50  5:17  Starport Reactor  
  50  5:19  SCV  
  48  5:40  Marauder, SCV x2  
  52  5:46  Terran Infantry Armor Level 1, Terran Infantry Weapons Level 1  
  52  5:47  Armory  
  52  5:57  Combat Shields  
  52  6:01  SCV x2  
  52  6:04  Barracks Reactor  
  54  6:05  Supply Depot x2  
  54  6:08  Marine  
  54  6:10  Factory Tech Lab  
  55  6:12  Medivac x2  
  59  6:22  Marine  
  59  6:23  Marine  
  61  6:32  Siege Tank  
  64  6:33  Command Center  
  64  6:38  SCV x2  
  66  6:43  Supply Depot  
  66  6:46  Marine  
  66  6:47  Marine x3  
  67  6:50  Marauder  
  67  6:53  SCV x2  
  74  7:01  Supply Depot  
  74  7:06  Supply Depot  
  74  7:07  Marine  
  74  7:08  Marine x3  
  77  7:11  SCV x2  
  80  7:20  Marauder  
  80  7:21  Siege Tank  
  85  7:24  Supply Depot  
  85  7:28  Marine, Medivac x2  
  85  7:29  Marine x2  
  92  7:30  Marine  
  92  7:35  SCV x2  
  95  7:41  Marauder, Supply Depot  
  97  7:45  Terran Infantry Weapons Level 2, Terran Infantry Armor Level 2  
  97  7:53  Siege Tank  
  97  7:55  Marine x3  
  97  7:56  Marine  
  104  7:59  Orbital Command  
  104  8:02  SCV x2  
  106  8:09  Medivac x2  
  106  8:11  Marauder  
  112  8:14  Supply Depot  
  112  8:21  Marine x2  
  112  8:22  Marine x2  
  112  8:26  Siege Tank  
  119  8:28  SCV  
  119  8:29  SCV x2  
  119  8:32  Terran Vehicle Weapons Level 1, Supply Depot  
  122  8:35  Refinery  
  122  8:47  Unknown  
  122  8:48  Marine x5  
  127  8:56  Barracks  
  127  8:57  SCV x2  
  127  8:58  Barracks  
  129  9:07  Marauder  
  129  9:34  Marine x2  
  129  9:35  Marauder, Marine x2  
  133  9:48  Medivac x2, Siege Tank  
  133  9:50  Barracks Reactor, Barracks Tech Lab  
  133  9:52  SCV x3, Marine x3  
  144  9:53  Marine  
  144  9:55  Refinery  
  142  10:07  Marauder  
  138  10:10  Marine x4  
  142  10:18  Medivac x2  
  143  10:28  Marauder, Marine  
  123  10:30  Marauder, Siege Tank  
  123  10:31  Marine  
  123  10:32  Marine x4  
  133  10:39  SCV x3  
  136  10:45  Command Center x2  
  136  10:46  Marine  
  136  10:49  Marauder, Marine x5  
  139  10:52  Marauder  
  112  10:59  Medivac x2  
  112  11:02  Siege Tank  
  112  11:03  Marine  
  118  11:07  Marine x5  
  118  11:10  Terran Infantry Weapons Level 3, Terran Infantry Armor Level 3  
  118  11:11  Marauder  
  125  11:13  Marauder  
  125  11:15  SCV x3  
  130  11:21  Marine  
  130  11:23  Terran Vehicle Weapons Level 2  
  130  11:24  Marine  
  130  11:25  Marine  
  133  11:28  Concussive Shells  
  133  11:29  Supply Depot  
  133  11:31  Supply Depot x2  
  133  11:32  Marauder  
  135  11:35  Marauder  
  135  11:43  Marine x2, Siege Tank  
  135  11:44  Marine x4  
  144  11:53  Marine  
  145  11:55  Marine  
  145  12:01  Marine x6  
  152  12:11  Marauder  
  152  12:14  Marauder  
  152  12:15  Siege Tank  
  140  12:19  Marine  
  127  12:30  Marine  
  127  12:31  Marine x4  
  127  12:33  Marauder, Medivac x2  
  127  12:35  Marauder  
  127  12:36  Marine  
  141  12:47  Siege Tank  
  141  12:48  Marine  
  141  12:49  Marine x3  
  148  12:58  Barracks  
  148  13:00  Barracks x2  
  148  13:05  Orbital Command  
  148  13:06  Factory  
  130  13:37  Marine x8  
  134  13:52  Siege Tank  
  134  13:55  Marine x4, Barracks Tech Lab  
  137  13:56  Factory Tech Lab, Barracks Tech Lab x2  
  137  14:00  Marauder x2  
  140  14:13  Marine x2  
  140  14:14  Marine x2  
  144  14:18  SCV x4  
  144  14:21  Planetary Fortress  
  144  14:22  Marauder x2  
  152  14:24  Siege Tank  
  152  14:27  Marauder x3, Marine x2  
  152  14:29  Siege Tank  
  152  14:30  SCV x4  
  170  14:31  Marine x3  
  173  14:43  Marauder x2  
  173  14:45  Marine x2  
  177  14:46  Marine  
  177  14:48  Marauder x2  
  177  14:49  Marauder  
  184  14:56  Siege Tank  
  184  15:01  Siege Tank  
  184  15:04  Marauder  
  187  15:11  Marauder x4, Marine  
  187  15:12  Marine x4  
  199  15:32  Marauder  
  199  15:33  Marauder x3  
  199  15:35  Siege Tank x2  
  194  15:36  Marine x5  
  194  15:37  Marine  
  185  16:07  Siege Tank x2  
  185  16:08  Marauder x4  
  198  16:21  Terran Vehicle Weapons Level 3  
  198  16:25  Marauder, Marine x3  
  194  16:29  Marauder  
  194  16:30  Marauder, Medivac  
  159  16:58  Medivac  
  159  17:00  Marauder x5, Medivac  
  172  17:07  Marine  
  172  17:08  Marine x5  
  170  17:09  Siege Tank x2  
  177  17:19  Refinery  
  177  17:20  Refinery  
  177  17:21  Marauder, Marine  
  177  17:22  Marauder x3  
  186  17:25  Marine  
  186  17:26  Marine x3  
  186  17:28  Medivac  
  192  17:30  Medivac  
  192  17:37  Marine x2  
  194  17:40  Marauder  
  194  17:41  Siege Tank x2  
  194  17:43  Marauder  
  186  18:12  Medivac x2  
  171  18:13  Siege Tank x2  
  171  18:15  Marauder x2  
  174  18:42  Medivac x2  
  174  18:45  Siege Tank  
  174  18:46  Refinery  
  174  18:47  Refinery  
  181  18:51  Command Center  
  155  19:12  Medivac x2  
  155  19:15  Marauder  
  155  19:16  Marauder x4, Marine  
  164  19:17  Marine  
  157  19:37  Marauder x5  
  157  19:38  Marine x6  
  163  19:41  Medivac  
  163  19:42  Medivac  
  154  19:55  Marine  
  154  19:56  Marine  
  154  19:57  Orbital Command  
  154  19:58  Marauder  
  154  19:59  Marauder x2  
  145  20:10  Marauder, Marine x2  
  145  20:11  Marauder, Marine x2  
  141  20:20  Marauder  
Show
View Real Time Build Order
Export as new Build Order

Musumeci Zerg 

Build Orders: Hatch First 

Get SALT Encoding   

  12  0:09  Drone x2  
  14  0:15  Drone, Extractor  
  15  0:41  Hatchery  
  14  0:47  Extractor  
  14  0:48  Drone  
  15  1:02  Spawning Pool  
  14  1:09  Extractor  
  14  1:10  Drone  
  14  1:13  Extractor  
  14  1:14  Drone  
  16  1:19  Overlord  
  16  1:37  Drone x2  
  18  1:43  Drone  
  19  1:48  Queen  
  19  1:53  Queen  
  23  1:58  Drone  
  23  2:00  Drone  
  25  2:03  Drone  
  26  2:24  Queen  
  27  2:43  Drone  
  27  2:44  Drone, Extractor  
  29  3:05  Overlord  
  29  3:06  Overlord  
  29  3:09  Extractor  
  28  3:19  Extractor  
  28  3:23  Queen, Drone x4  
  28  3:24  Drone  
  28  3:25  Drone x5  
  40  3:32  Extractor  
  40  3:33  Extractor  
  40  3:34  Drone x3  
  39  3:35  Roach Warren  
  39  3:41  Drone x2  
  41  3:48  Drone  
  43  3:59  Hatchery  
  42  4:16  Roach  
  44  4:19  Overlord  
  44  4:20  Overlord  
  38  4:35  Drone  
  38  4:36  Drone x8  
  43  4:41  Drone  
  38  4:55  Drone x2  
  40  5:11  Evolution Chamber  
  40  5:13  Evolution Chamber  
  38  5:17  Drone x4, Spore Crawler  
  38  5:19  Drone, Spore Crawler x2  
  38  5:20  Drone  
  38  5:36  Drone x5  
  43  5:45  Drone x3  
  46  5:59  Drone x3  
  46  6:02  Zerg Missile Weapons Level 1  
  46  6:03  Zerg Ground Armor Level 1  
  49  6:04  Lair  
  49  6:05  Drone, Extractor  
  49  6:06  Drone x2  
  49  6:09  Overlord  
  51  6:13  Extractor  
  51  6:16  Roach x3  
  56  6:27  Drone  
  56  6:28  Drone x2  
  56  6:29  Drone x4  
  63  6:41  Drone x4, Spore Crawler  
  63  6:42  Drone  
  67  7:00  Roach x3  
  73  7:06  Ravager  
  73  7:08  Glial Reconstitution  
  74  7:13  Overlord x3  
  74  7:20  Extractor  
  74  7:22  Extractor  
  72  7:23  Ravager  
  72  7:24  Ravager  
  74  7:33  Ravager  
  74  7:34  Roach x5, Ravager x3  
  74  7:35  Roach  
  90  7:38  Drone x2  
  90  7:39  Drone  
  90  7:40  Drone x5  
  90  7:41  Overlord x3  
  98  7:58  Zerg Missile Weapons Level 2  
  98  8:02  Zerg Ground Armor Level 2  
  98  8:04  Drone x3  
  98  8:05  Drone  
  102  8:11  Spore Crawler  
  102  8:12  Ravager  
  102  8:14  Roach x4  
  102  8:16  Drone x4  
  102  8:18  Drone  
  115  8:24  Overseer  
  115  8:30  Roach x3  
  115  8:31  Overlord x2  
  121  8:51  Roach x8  
  121  8:55  Ravager  
  138  9:18  Roach  
  138  9:21  Overlord  
  138  9:22  Overlord x4  
  138  9:41  Roach x10  
  138  9:42  Ravager x5  
  138  9:43  Ravager x5  
  164  10:06  Ravager x5  
  159  10:07  Roach x2  
  159  10:09  Overlord x4  
  159  10:10  Overlord x2  
  163  10:22  Hatchery, Extractor  
  163  10:24  Extractor  
  163  10:27  Roach x6  
  145  10:41  Roach x7  
  134  10:59  Roach x5  
  144  11:14  Drone x2  
  144  11:15  Drone  
  144  11:16  Drone x5  
  152  11:23  Ravager x2  
  152  11:24  Ravager x5  
  159  11:30  Infestation Pit  
  158  11:38  Roach x11  
  158  11:39  Roach  
  165  11:54  Drone x7  
  141  12:20  Roach x15  
  141  12:22  Extractor  
  151  12:25  Queen  
  153  12:39  Hive  
  153  12:41  Ravager x10  
  153  12:42  Ravager  
  164  12:59  Roach x14  
  192  13:18  Roach  
  192  13:19  Roach x10  
  181  13:31  Ravager x4  
  185  13:35  Roach x7  
  191  13:59  Roach x3  
  191  14:00  Roach  
  175  14:13  Roach x16  
  200  14:18  Zerg Missile Weapons Level 3  
  200  14:19  Zerg Ground Armor Level 3  
  200  14:49  Hatchery, Extractor  
  200  14:51  Extractor  
  197  15:02  Roach x3  
  197  15:03  Roach x4  
  197  15:22  Ravager  
  197  15:23  Ravager x2  
  178  15:28  Roach  
  178  15:29  Roach x11  
  178  15:33  Ravager  
  178  15:34  Ravager x4  
  186  15:36  Ravager x8  
  168  16:05  Ravager x3  
  168  16:06  Ravager x4  
  168  16:09  Roach x11  
  187  16:23  Roach x12  
  199  16:32  Ravager  
  151  16:55  Ravager x2  
  151  16:56  Ravager x3  
  143  17:09  Queen  
  143  17:12  Roach x15  
  175  17:34  Burrow, Tunneling Claws  
  175  17:50  Ravager x12  
  175  17:51  Ravager  
  148  18:14  Roach  
  148  18:15  Roach x20  
  148  18:17  Ravager  
  186  18:56  Roach x8  
  186  18:57  Roach x2  
  186  18:58  Roach x4  
  186  18:59  Roach x2  
  186  19:00  Roach x2  
  158  19:22  Roach x11  
  127  19:40  Roach  
  127  19:41  Roach x8  
  81  19:54  Roach x4  
  81  19:55  Roach  
  81  19:57  Roach  
  83  20:02  Roach x3  
  76  20:10  Roach  
  76  20:11  Roach  
  67  20:15  Roach  
  67  20:18  Roach, Ravager  
  67  20:19  Ravager  
  67  20:21  Queen  
  67  20:24  Roach  
  67  20:26  Roach  
  71  20:31  Ravager  
  71  20:32  Ravager  
  71  20:37  Ravager  
  71  20:39  Roach x2  
  71  20:40  Roach  
Tags
 
Add a new tag
Caveats
  • Supply blocks, unpowered buildings, or Contaminate may cause inaccurate times.
  • Supply counts are checked every 10 seconds.